 Dungeon Crawl Stone Soup version 0.32-a0-141-g04fe69798e (webtiles) character file.

Game seed: 16610765610851238203

11795 Kenran the Marksspriggan (level 11, -4/55 HPs)
             Began as a Spriggan Hunter on Feb 11, 2024.
             Was a High Priest of Okawaru.
             Slain by a boulder beetle (16 damage)
             ... on level 10 of the Dungeon.
             The game lasted 00:23:38 (11155 turns).

Kenran the Marksspriggan (Spriggan Hunter)         Turns: 11155, Time: 00:23:39

Health: -4/55      AC:  3    Str:  7    XL:     11   Next: 54%
Magic:  14/14      EV: 27    Int: 10    God:    Okawaru [*****.]
Gold:   456        SH:  0    Dex: 24    Spells: 10/10 levels left

rFire   + . .        a - +0 orcbow
rCold   x . .        (shield currently unavailable)
rNeg    + . .        c - +0 robe
rPois   .            (helmet restricted)
rElec   .            A - +0 cloak
rCorr   .            (gloves unavailable)
SInv    +            (boots unavailable)
Will    +....        (no amulet)
Stlth   +++          g - ring of positive energy
HPRegen 0.29/turn    C - ring of fire
MPRegen 0.14/turn

%: no passive effects
@: very quick
A: very small, no large weapons, unfitting armour, see invisible, speed 3
a: Renounce Religion, Heroism, Finesse, Duel


You were on level 10 of the Dungeon.
You worshipped Okawaru.
Okawaru was extremely pleased with you.
You visited 2 branches of the dungeon, and saw 11 of its levels.
You also visited: Sewer.

You collected 456 gold pieces.

Inventory:

Hand Weapons
 a - a +0 orcbow (weapon)
 p - the +7 short sword of Xiocoim {flame, rCorr}
   (You found it on level 3 of the Dungeon)

   rCorr:     It protects you from acid and corrosion.
Armour
 c - a +0 robe (worn)
 A - a +0 cloak (worn)
Jewellery
 g - a ring of positive energy (left hand)
 C - a ring of fire (right hand)
Wands
 h - a wand of roots (7)
 o - a wand of charming (6)
Scrolls
 b - a scroll of butterflies
 d - 2 scrolls of teleportation
 i - 2 scrolls of revelation
 j - a scroll of enchant armour
 l - 2 scrolls of blinking
 s - a scroll of enchant weapon
 u - 2 scrolls of poison {unknown}
Potions
 e - 5 potions of haste
 f - 2 potions of curing {@q1}
 n - 3 potions of attraction {!q}
 q - 3 potions of degeneration {!q}
 t - 2 potions of might {unknown}
 w - a potion of invisibility {unknown}
 x - a potion of mutation {unknown}
 z - a potion of brilliance {unknown}


   Skills:
 - Level 5.0 Fighting
 + Level 15.5 Ranged Weapons
 - Level 10.0 Dodging
 - Level 5.0 Stealth
 - Level 3.0 Invocations
 - Level 3.0 Evocations


You had 10 spell levels left.
You didn't know any spells.
Your spell library contained the following spells:

 Spells                   Type           Power      Damage    Failure   Level
 Dazzling Flash           Conj/Hex       0%         N/A       75%         3
 Volatile Blastmotes      Fire/Tloc      0%         2d10      75%         3
 Starburst                Conj/Fire      0%         6d3       100%        6
 Maxwell's Capacitive Co  Air            0%         ∞         100%        8


Dungeon Overview and Level Annotations

Branches:
Dungeon (10/15)            Temple (1/1) D:6            Lair (0/5) D:10
  Sewer (visited)
    Orc: D:9-12

Altars:
Ashenzari
Cheibriados
Dithmenos
Elyvilon
Fedhas
Gozag
Hepliaklqana
Kikubaaqudgha
Makhleb
Nemelex Xobeh
Okawaru
Qazlal
Ru
Sif Muna
Trog
Uskayaw
Vehumet
Wu Jian
Xom
Yredelemnul
Zin
The Shining One

Annotations:
D:3 2 transporters, feta's ghost, amateur GnMo
D:7 exclusion: downstairs
D:8 2 transporters, exclusion: downstairs, ghhjgh's ghost, novice MiFi


Innate Abilities, Weirdness & Mutations

You are very small and have problems with some larger weapons.
You are too small for most types of armour.
You have supernaturally acute eyesight. (SInv)
You cover ground extremely quickly. (Speed+++)


Message History

The boulder beetle bites you!
* * * LOW HITPOINT WARNING * * *
You feel much better.
The boulder beetle bites you but does no damage.
Fire: a) +0 orcbow
Press: ? - help, Q - select action, (/) - cycle Shift-Dir - straight line, f/p - boulder beetle
Aim: a boulder beetle (severely wounded, 91% to hit)
You shoot an arrow.
The arrow hits the boulder beetle but does no damage.
The boulder beetle is severely wounded.
The boulder beetle leaps!
Fire: a) +0 orcbow
Press: ? - help, Q - select action, (/) - cycle Shift-Dir - straight line, f - you
Okay, then.
You start resting.
A boulder beetle is nearby!
You are too injured to fight recklessly!
Fire: a) +0 orcbow
Press: ? - help, Q - select action, (/) - cycle Shift-Dir - straight line, f/p - boulder beetle
Aim: a boulder beetle (severely wounded, 91% to hit)
You shoot an arrow.
The arrow hits the boulder beetle but does no damage.
The boulder beetle is severely wounded.
Fire: a) +0 orcbow
Press: ? - help, Q - select action, (/) - cycle Shift-Dir - straight line, f/p - boulder beetle
Aim: a boulder beetle (severely wounded, 91% to hit)
You shoot an arrow.
The arrow hits the boulder beetle but does no damage.
The boulder beetle is severely wounded.
Fire: a) +0 orcbow
Press: ? - help, Q - select action, (/) - cycle Shift-Dir - straight line, f/p - boulder beetle
Aim: a boulder beetle (severely wounded, 91% to hit)
You shoot an arrow.
The arrow barely misses the boulder beetle.
The boulder beetle bites you!!
* * * LOW HITPOINT WARNING * * *
Aiming: Fastroot
Press: ? - help, Shift-Dir - straight line, p - boulder beetle The roots erupt in riotous growth!
The boulder beetle bites you!
You die...

##.......).......#.#...#.#.......
########...####.##..............#
# #...............«......... .
#...####........#<#....... .#
##)..####..........####.### .#
#.)..............######.# ##
##)....###.......#.......#
#........#.......#.#....##
#####......#.##@##.###......##
#.............B.##...........###
#.###..##.........####..........
#.# #..##.....#.#.# #....<..###
##.# #........##.#.# #......##
...# ##.#...####.#.######...##
.### #.#...###......# ##### .#
#..........#.#.# .#
###.#####.##.#.#


You could see a boulder beetle.

Vanquished Creatures
  2 two-headed ogres
  2 death yaks
  A skeletal warrior (D:8)
  Pikel (D:7)
  A kobold demonologist (D:10)
  Maggie (D:8)
  A komodo dragon (D:9)
  A queen bee (D:9)
  Grinder (D:4)
  A hornet (D:8)
  2 wraiths (D:8)
  4 wyverns
  4 yaks (D:10)
  2 steam dragons
  2 water moccasins
  An acid dragon (D:9)
  2 black bears
  4 ice beasts
  3 orc warriors
  3 ogres
  2 centaurs
  2 phantoms
  3 lemures (D:7)
  5 kobold brigands
  3 gnoll sergeants
  9 bullfrogs
  2 scorpions
  3 wights (D:6)
  21 killer bees
  3 bombardier beetles (D:5)
  6 howler monkeys
  7 hounds
  3 orc priests
  3 jellies
  2 iguanas (D:6)
  7 orc wizards
  14 adders
  13 gnolls
  4 river rats (Sewer)
  3 shadow imps
  A white imp (D:6)
  4 ufetubi
  3 dart slugs
  3 ribbon worms
  25 orcs
  5 bats
  10 endoplasms
  2 giant cockroaches (D:4)
  8 hobgoblins
  2 quokkas
  12 ball pythons
  9 frilled lizards
  2 goblins
  31 kobolds
  22 rats
293 creatures vanquished.

Notes
Turn   | Place    | Note
-------+----------+-------------------------------------------
     0 | D:1      | Kenran the Spriggan Hunter began the quest for the Orb.
     0 | D:1      | Reached XP level 1. HP: 10/10 MP: 2/2
   121 | D:1      | Reached XP level 2. HP: 14/14 MP: 3/3
   532 | D:1      | Found a faded altar of an unknown god.
   843 | D:2      | Reached skill level 5 in Ranged Weapons
   868 | D:2      | Reached XP level 3. HP: 13/18 MP: 4/4
  1065 | D:2      | Identified the +4 trident "Inwurr" {drain, *Slow rPois
                  | Dex+5}
  1299 | D:3      | Found a transporter.
  1303 | D:3      | Noticed feta's ghost (amateur GnMo)
  1313 | D:3      | Reached XP level 4. HP: 22/22 MP: 5/5
  1404 | D:3      | Identified the +7 short sword of Xiocoim {flame, rCorr}
  1513 | D:3      | Reached skill level 6 in Ranged Weapons
  1624 | D:3      | Found a transporter.
  1659 | D:3      | Reached XP level 5. HP: 24/25 MP: 6/6
  1990 | D:4      | Reached skill level 7 in Ranged Weapons
  1990 | D:4      | Reached XP level 6. HP: 22/30 MP: 7/7
  2199 | D:4      | Noticed Grinder
  2284 | D:4      | Killed Grinder
  2285 | D:4      | Reached skill level 8 in Ranged Weapons
  2285 | D:4      | Reached XP level 7. HP: 31/33 MP: 8/8
  2734 | D:5      | Entered Level 5 of the Dungeon
  2776 | D:4      | Reached skill level 9 in Ranged Weapons
  3087 | D:5      | Found a glowing drain.
  3092 | Sewer    | Entered a sewer
  3238 | Sewer    | Reached skill level 10 in Ranged Weapons
  3415 | Sewer    | Reached XP level 8. HP: 17/39 MP: 9/9
  3799 | D:5      | Reached skill level 5 in Dodging
  3920 | D:5      | Found a snail-covered altar of Cheibriados.
  4071 | D:5      | Reached skill level 1 in Evocations
  4227 | D:5      | Found a burning altar of Makhleb.
  4289 | D:6      | Found a staircase to the Ecumenical Temple.
  4305 | Temple   | Entered the Ecumenical Temple
  4487 | D:6      | Reached skill level 5 in Stealth
  4568 | D:6      | Found an iron altar of Okawaru.
  4575 | D:6      | Became a worshipper of Warmaster Okawaru
  4698 | D:6      | Found a sacrificial altar of Ru.
  4755 | D:6      | Reached XP level 9. HP: 42/42 MP: 10/10
  4774 | D:6      | Reached skill level 11 in Ranged Weapons
  4849 | D:6      | Identified the +2 long sword of Internal Strife {pain,
                  | *Corrode rElec rPois Str+5}
  4914 | D:6      | Found a hide-covered altar of Uskayaw.
  5020 | D:6      | Found a bloodstained altar of Trog.
  5466 | D:7      | Noticed Pikel
  5470 | D:7      | Killed Pikel
  5470 | D:7      | Reached * piety under Okawaru
  5471 | D:7      | Reached skill level 12 in Ranged Weapons
  5615 | D:7      | Reached skill level 13 in Ranged Weapons
  6247 | D:7      | Reached XP level 10. HP: 46/46 MP: 11/11
  6636 | D:7      | Reached ** piety under Okawaru
  6880 | D:8      | Found a transporter.
  6882 | D:8      | Noticed ghhjgh's ghost (novice MiFi)
  6883 | D:8      | Found a transporter.
  6894 | D:8      | Noticed Maggie
  7272 | D:8      | Noticed a meliai
  7542 | D:8      | Reached skill level 1 in Invocations
  7849 | D:8      | Reached skill level 14 in Ranged Weapons
  7860 | D:8      | Noticed a skeletal warrior
  7865 | D:8      | Found the +5 scythe "Finisher" {speed, execute}
  7921 | D:8      | Noticed a two-headed ogre
  7956 | D:8      | Killed a two-headed ogre
  7956 | D:8      | Reached *** piety under Okawaru
  8102 | D:8      | Paralysed by a hornet for 2 turns
  8232 | D:8      | Found a stormy altar of Qazlal.
  8589 | D:8      | Killed Maggie
  8667 | D:8      | Killed a skeletal warrior
  8667 | D:8      | Reached **** piety under Okawaru
  9335 | D:9      | Reached XP level 11. HP: 40/54 MP: 14/14
  9387 | D:9      | Found an ancient bone altar of Kikubaaqudgha.
  9583 | D:9      | Noticed a two-headed ogre
  9605 | D:9      | Killed a two-headed ogre
  9689 | D:9      | Reached ***** piety under Okawaru
 10351 | D:10     | Entered Level 10 of the Dungeon
 10386 | D:10     | Noticed a death yak
 10421 | D:10     | Reached skill level 5 in Fighting
 10425 | D:10     | Noticed a death yak
 10503 | D:9      | Killed a death yak
 10503 | D:9      | Received a gift from Okawaru
 10536 | D:10     | Found a staircase to the Lair.
 10665 | D:10     | Reached skill level 15 in Ranged Weapons
 10665 | D:10     | Reached skill level 10 in Dodging
 10686 | D:10     | Killed a death yak
 10919 | D:10     | Noticed a boulder beetle
 11146 | D:10     | HP: 1/55 [boulder beetle (17)]
 11155 | D:10     | Slain by a boulder beetle

Illustrated notes

Levels and vault maps discovered:
D:1:      psy_arrival_conway, layout_basic,
          shapermc_ecumenical_altar_mp_vishouse, kennysheep_doodads
D:2:      layout_basic, guppyfry_early_lair_pool
D:3:      layout_rooms, gammafunk_ghost_stat_death,
          minmay_fractal_squares_gapless_5
D:4:      layout_cave_pods, uniq_grinder
D:5:      layout_loops_cross, slow_altar_2, kennysheep_little_box,
          portal_sewer_entry_e, chequers_serial_rivers_micro_e
D:6:      layout_cave_pools, lemuel_coloured_pillars_altar,
          mainiacjoe_overflow_alcove_1, marbit_many_paths,
          hellmonk_okawaru_the_only_friend_you_need, minmay_temple_entry_trees,
          kennysheep_generic_room_2
D:7:      layout_basic, uniq_pikel
D:8:      layout_basic, mainiacjoe_overflow_small_starburst,
          gammafunk_ghost_arena, minmay_misc_feat_rows, moated_statue,
          minmay_guarded_unrand_finisher, uniq_maggie
D:9:      layout_rooms, general_overflow_altar, dreamdust_princess_bridge,
          nicolae_looking_at_the_future
D:10:     layout_loops_cross, dpeg_lair_monsters
Temple:   compressed_dpeg_circular_temple

Skill      XL: |  1  2  3  4  5  6  7  8  9 10 11 |
---------------+----------------------------------+-----
Ranged Weapons | 5 6 7 8 10 13 14 15 | 15.5
Dodging        | 4 6 8 10 | 10.0
Fighting       | 2 4 5 |  5.0
Stealth        | 5 |  5.0
Evocations     | 3 |  3.0
Invocations    | 3 |  3.0

Action                     |  1- 3 |  4- 6 |  7- 9 | 10-12 || total
---------------------------+-------+-------+-------+-------++-------
   Fire: Shortbow          |    95 |   140 |   382 |       ||   617
         Orcbow            |       |       |   133 |   647 ||   780
 Invoke: Heroism           |       |       |     1 |       ||     1
  Evoke: Wand              |       |       |       |     4 ||     4
    Use: Potion            |       |     2 |     2 |     5 ||     9
         Scroll            |       |     3 |     3 |     4 ||    10
 Armour: Robe              |     8 |    10 |    48 |    81 ||   147
  Dodge: Dodged            |    28 |    21 |   165 |   298 ||   512

Table legend: (Time is in decaauts)
 A = Elapsed time spent in this place.
 B = Non-inter-level travel time spent in this place.
 C = Inter-level travel time spent in this place.
 D = Time resting spent in this place.
 E = Time spent auto-exploring this place.
 F = Levels seen in this place.
 G = Mean time per level.
                   A        B        C        D        E       F      G
               +--------+--------+--------+--------+--------+-----+--------+
         Total |   8004 |   7751 |    253 |   2088 |   3310 |  12 |  667.0 |
       Dungeon |   7532 |   7279 |    253 |   1993 |   3137 |  10 |  753.2 |
        Temple |      1 |      1 |      0 |      0 |      0 |   1 |    1.0 |
         Sewer |    470 |    470 |      0 |     94 |    173 |   1 |  470.0 |
               +--------+--------+--------+--------+--------+-----+--------+

Top non-repeatable levels by time:
     D:8: 1455 daAuts
     D:7: 1337 daAuts
     D:9: 1142 daAuts
     D:6: 676 daAuts
     D:4: 618 daAuts
     D:5: 574 daAuts
    D:10: 487 daAuts
     D:1: 475 daAuts
   Sewer: 470 daAuts
     D:3: 406 daAuts
     D:2: 357 daAuts
  Temple: 1 daAuts
